 Dungeon Crawl Stone Soup version 0.31-a0-1068-g5939ac1fb6 (webtiles) character file.

Game seed: 9748657703470629668

14186 GordonOverkill the Jinx (level 11, -4/55 HPs)
             Began as a Spriggan Delver on Nov 23, 2023.
             Was a High Priest of Sif Muna.
             Slain by a sixfirhy (12 damage)
             ... summoned by a kobold demonologist
             ... on level 11 of the Dungeon on Nov 25, 2023.
             The game lasted 01:07:23 (19124 turns).

GordonOverkill the Jinx (Spriggan Delver)          Turns: 19124, Time: 01:07:24

Health: -4/55      AC:  9    Str:  8    XL:     11   Next: 85%
Magic:  26/26      EV: 22    Int: 15    God:    Sif Muna [*****.]
Gold:   464        SH:  0    Dex: 18    Spells: 19/30 levels left

rFire   . . .        D - +6 short sword (drain)
rCold   . . .        (no shield)
rNeg    . . .        J - +2 robe
rPois   .            F - +2 hat
rElec   .            O - +2 cloak
rCorr   +            (gloves unavailable)
SInv    +            (boots unavailable)
Will    +....        e - amulet of magic regeneration
Stlth   ++++         h - ring of resist corrosion
HPRegen 0.29/turn    a - +5 ring of evasion
MPRegen 0.60/turn

%: no passive effects
@: very quick
A: very small, no large weapons, unfitting armour, see invisible, speed 3,
mutation resistance 1
a: Renounce Religion, Channel Magic, Forget Spell, Divine Exegesis


You were on level 11 of the Dungeon.
You worshipped Sif Muna.
Sif Muna was extremely pleased with you.
You visited 1 branch of the dungeon, and saw 12 of its levels.
You also visited: Sewer.

You collected 829 gold pieces.
You spent 365 gold pieces at shops.

Inventory:

Hand Weapons
 u - a +2 dagger of holy wrath
 D - a +6 short sword of draining (weapon)
Missiles
 b - a throwing net
 k - 5 curare-tipped darts (quivered)
 r - 25 poisoned darts
Armour
 F - a +2 hat (worn)
 J - a +2 robe (worn)
 O - a +2 cloak (worn)
Magical Staves
 j - a staff of cold
Jewellery
 a - a +5 ring of evasion (right hand)
 e - an amulet of magic regeneration (around neck)
 h - a ring of resist corrosion (left hand)
 A - an amulet of the acrobat
 B - the ring "Jomusou" {Wiz rC+}
   (You took it off a gnoll bouda on level 9 of the Dungeon)

   [ring of wizardry]

   Wiz:       It improves your spell success rate.
   rC+:       It protects you from cold.
 K - a +5 ring of evasion
 M - a ring of wizardry
 N - a ring of flight
Wands
 f - a wand of flame (17)
 g - a wand of digging (1)
 p - a wand of charming (5)
 I - a wand of light (5)
 L - a wand of polymorph (5)
 P - a wand of iceblast (4)
Scrolls
 c - 2 scrolls of summoning
 d - 2 scrolls of revelation
 i - 2 scrolls of vulnerability
 l - 2 scrolls of brand weapon
 m - 6 scrolls of teleportation
 n - 5 scrolls of amnesia
 q - 3 scrolls of fear
 w - 5 scrolls of immolation
 x - 2 scrolls of poison
 y - 3 scrolls of noise
 z - a scroll of enchant armour
 E - a scroll of identify
Potions
 o - 4 potions of degeneration
 s - 3 potions of curing
 t - a potion of resistance
 v - a potion of mutation
 C - a potion of cancellation
 G - a potion of enlightenment
 H - a potion of attraction


   Skills:
 - Level 5.0 Fighting
 - Level 4.0 Short Blades
 - Level 2.6 Dodging
 - Level 7.2 Stealth
 - Level 10.0 Spellcasting
 - Level 7.0 Conjurations
 - Level 10.0 Hexes
 + Level 7.1 Ice Magic
 - Level 5.0 Invocations
 - Level 5.0 Evocations


You had 19 spell levels left.
You knew the following spells:

 Your Spells              Type           Power      Damage    Failure   Level
a - Fulminant Prism       Conj/Hex       16%        3d10      3%          4
b - Ozocubu's Refrigerat  Ice            14%        4d10      99%         7

Your spell library contained the following spells:

 Spells                   Type           Power      Damage    Failure   Level
 Ensorcelled Hibernation  Hex/Ice        66%        N/A       1%          2
 Confusing Touch          Hex            37%        N/A       1%          3
 Ozocubu's Armour         Ice            29%        N/A       1%          3
 Kiss of Death            Conj/Necr      72%        2d10      2%          1
 Momentum Strike          Conj/Tloc      36%        3d9       3%          2
 Inner Flame              Hex/Fire       22%        N/A       3%          3
 Summon Guardian Golem    Hex/Summ       22%        N/A       3%          3
 Summon Small Mammal      Summ           28%        N/A       10%         1
 Blink                    Tloc           14%        N/A       14%         2
 Lesser Beckoning         Tloc           14%        N/A       14%         2
 Passwall                 Tmut/Erth      5%         N/A       14%         2
 Flame Wave               Conj/Fire      18%        2d7       22%         4
 Iskenderun's Mystic Bla  Conj/Tloc      18%        2d6       22%         4
 Sticky Flame             Conj/Fire      18%        2d4       22%         4
 Call Canine Familiar     Summ           7%         N/A       28%         3
 Swiftness                Air            7%         N/A       28%         3
 Volatile Blastmotes      Fire/Tloc      14%        2d11      28%         3
 Dispel Undead            Necr           7%         3d8       67%         4


Dungeon Overview and Level Annotations

Branches:
Dungeon (12/15)            Temple (0/1) D:6            Lair (0/5) D:8
    Orc (0/2) D:10          Sewer (visited)

Altars:
Ashenzari
Dithmenos
Fedhas
Gozag
Kikubaaqudgha
Makhleb
Nemelex Xobeh
Okawaru
Sif Muna
Uskayaw
Vehumet
Wu Jian
Xom

Shops:
D:2 (   D:7 [[*:(   D:8 [?:   D:10 (

Annotations:
D:2 1 runed translucent door, Crazy Yiuf


Innate Abilities, Weirdness & Mutations

You are very small and have problems with some larger weapons.
You are too small for most types of armour.
You have supernaturally acute eyesight. (SInv)
You cover ground extremely quickly. (Speed+++)
You are somewhat resistant to further mutation.


Message History

The kobold demonologist is almost dead.
The kobold demonologist is blinded.
The bolt of light hits the kobold demonologist!!
The kobold demonologist is almost dead.
The kobold demonologist is blinded.
You feel sick.
You hear a shout!
The sixfirhy barely misses you. The sixfirhy hits you! The sixfirhy shocks you!
* * * LOW HITPOINT WARNING * * *
The sixfirhy completely misses you.
You feel sick.
You feel sick.
You feel sick.
You are no longer poisoned.
The kobold demonologist casts a spell.
The kobold brigand throws a poisoned dart.
The poisoned dart closely misses you.
The sixfirhy hits you but does no damage.
The sixfirhy barely misses you.
The kobold demonologist miscasts a cantrip.
You see here a staff of poison.
The kobold brigand throws a poisoned dart.
The poisoned dart closely misses you. The sixfirhy closely misses you.
The sixfirhy attacks as it pursues you! The sixfirhy closely misses you.
The sixfirhy completely misses you. The sixfirhy attacks as it pursues you!
The sixfirhy completely misses you. The sixfirhy hits you.
* * * LOW HITPOINT WARNING * * *
The sixfirhy shocks you!
* * * LOW HITPOINT WARNING * * *
The sixfirhy completely misses you.
You feel better. The sixfirhy hits you.
* * * LOW HITPOINT WARNING * * *
The sixfirhy shocks you!
* * * LOW HITPOINT WARNING * * *
The sixfirhy completely misses you. The sixfirhy hits you.
* * * LOW HITPOINT WARNING * * *
The sixfirhy shocks you!
You die...

#.......##......
#.....(.##......
#....>...#......
#........#......
#........#......
#####....#......
#.......#### #####
#.......#
#.3@#####(......#
##.####....#.........
#....53....#.....##..
#######....#....... .
#...##........
#...##.........
#..............
#............
#.......


You could see a sixfirhy (summoned).

Vanquished Creatures
  2 hydras
  2 two-headed ogres
  An ugly thing (D:9)
  A gargoyle (D:9)
  An unseen horror (D:12)
  A rime drake (D:8)
  A freezing wraith (D:9)
  A meliai (D:9)
  2 polar bears (D:8)
  3 trolls
  Grinder (D:5)
  A hornet (D:9)
  A vampire (D:5)
  A shadow (D:9)
  A wraith (D:5)
  3 wyverns (D:9)
  A basilisk (D:9)
  14 yaks
  A vampire mosquito (D:9)
  3 steam dragons
  2 water moccasins
  Duvessa (D:6)
  2 sky beasts
  7 orc warriors
  6 ice beasts
  6 centaurs
  2 phantoms
  4 kobold brigands
  3 bullfrogs
  A gnoll sergeant (D:6)
  2 scorpions
  15 wights
  Dowan (D:6)
  3 killer bees (D:9)
  4 howler monkeys
  3 jellies
  A hound (D:5)
  2 gnoll boudas
  3 orc priests
  An iguana (D:5)
  2 sleepcaps (D:6)
  Jessica (D:2)
  Ijyb (D:3)
  11 orc wizards
  Terence (D:3)
  13 gnolls
  11 adders
  A river rat (D:3)
  2 shadow imps
  2 white imps
  6 worms
  4 dart slugs
  44 orcs
  3 bats
  8 endoplasms
  3 giant cockroaches
  7 hobgoblins
  A jackal (D:1)
  29 kobolds
  5 quokkas
  10 ball pythons
  7 frilled lizards
  6 goblins
  2 rats (D:3)
  2 fulminant prisms (D:9)
293 creatures vanquished.

Vanquished Creatures (collateral kills)
  A gnoll sergeant (D:9)
  A killer bee (D:9)
  A gnoll (D:9)
3 creatures vanquished.

Vanquished Creatures (others)
  2 killer bees (D:9)
  An orc wizard (D:3)
  A goblin (D:3)
  313 fulminant prisms
317 creatures vanquished.

Grand Total: 613 creatures vanquished

Notes
Turn   | Place    | Note
-------+----------+-------------------------------------------
     0 | D:5      | GordonOverkill the Spriggan Delver began the quest for the
                  | Orb.
     0 | D:5      | Reached XP level 1. HP: 11/11 MP: 2/2
    45 | D:5      | Noticed a scorpion
    55 | D:5      | Killed a scorpion
    56 | D:5      | Reached XP level 2. HP: 16/16 MP: 2/6
    56 | D:5      | Reached XP level 3. HP: 20/20 MP: 2/7
   160 | D:6      | HP: 1/20 [sleepcap (5)]
   261 | D:6      | Found an iron altar of Okawaru.
   262 | D:6      | Found an ancient bone altar of Kikubaaqudgha.
   382 | D:7      | Found Sotuney's Antique Armour Shop.
   397 | D:7      | Found Xokhlep's Armour Emporium.
   439 | D:8      | Noticed a wight
   482 | D:7      | Noticed an orc warrior
   483 | D:7      | Noticed a phantom
   484 | D:7      | Found an ornate altar of the Wu Jian Council.
   684 | D:7      | Reached XP level 4. HP: 24/24 MP: 9/9
  1126 | D:3      | Found a glowing drain.
  1132 | D:3      | Reached skill level 1 in Evocations
  1136 | Sewer    | Entered a sewer
  1247 | Sewer    | Reached XP level 5. HP: 28/28 MP: 10/10
  1250 | Sewer    | Noticed Pargi
  1512 | D:2      | Found a shimmering blue altar of Sif Muna.
  1530 | D:2      | Became a worshipper of Sif Muna the Loreminder
  2497 | D:1      | Learned a level 4 spell: Fulminant Prism
  2714 | D:2      | Reached * piety under Sif Muna
  2749 | D:2      | Identified the +4 scale mail of Midsummer {*Slow Str+5}
  2776 | D:2      | Found Qoschebbo's Antique Weapon Boutique.
  2789 | D:2      | Reached skill level 1 in Hexes
  3067 | D:2      | Found a faded altar of an unknown god.
  3068 | D:2      | Noticed Jessica
  3076 | D:2      | Killed Jessica
  3129 | D:2      | Reached skill level 1 in Conjurations
  3412 | D:1      | Reached XP level 6. HP: 17/32 MP: 11/11
  3884 | D:2      | Found a runed translucent door.
  3885 | D:2      | Noticed Crazy Yiuf
  4558 | D:3      | Noticed Ijyb
  4712 | D:3      | Gained mutation: You are somewhat resistant to further
                  | mutation. [potion of mutation]
  4753 | D:3      | Killed Ijyb
  5135 | D:3      | Noticed Terence
  5157 | D:3      | Killed Terence
  5445 | D:4      | Found a shimmering altar of Xom.
  5687 | D:4      | Reached XP level 7. HP: 26/36 MP: 12/12
  5739 | D:4      | Reached ** piety under Sif Muna
  5882 | D:4      | HP: 1/36 [white imp (2)]
  6376 | D:5      | Found a hide-covered altar of Uskayaw.
  6557 | D:5      | Noticed Grinder
  6564 | D:5      | Killed Grinder
  6565 | D:5      | Reached skill level 5 in Hexes
  6660 | D:5      | Found an opulent altar of Gozag.
  6661 | D:5      | Found a sparkling altar of Nemelex Xobeh.
  7107 | D:5      | Noticed a vampire
  7514 | D:5      | Noticed a wraith
  8270 | D:5      | Killed a wraith
  8271 | D:5      | Reached XP level 8. HP: 40/40 MP: 3/15
  8718 | D:6      | Noticed Duvessa
  8718 | D:6      | Noticed Dowan
  8810 | D:6      | Killed Dowan
  8838 | D:6      | Killed Duvessa
  9566 | D:6      | Reached skill level 5 in Conjurations
  9623 | D:6      | Found a staircase to the Ecumenical Temple.
  9943 | D:6      | Found an iron altar of Okawaru.
  9944 | D:6      | Found an ancient bone altar of Kikubaaqudgha.
 10563 | D:7      | Reached XP level 9. HP: 44/44 MP: 7/16
 10607 | D:7      | Reached *** piety under Sif Muna
 10735 | D:7      | Found Irhoh's Antique Weapon Boutique.
 10740 | D:7      | Found Iwung's Book Shop.
 10795 | D:7      | Found Qethrixedd's Assorted Antiques.
 10803 | D:7      | Bought a grey potion for 19 gold pieces
 11056 | D:7      | Reached skill level 10 in Hexes
 11257 | D:7      | Bought an embroidered hat for 189 gold pieces
 11291 | D:8      | Reached skill level 1 in Invocations
 11769 | D:8      | Found Dublous's Magic Scroll Shop.
 11779 | D:8      | Bought a scroll of teleportation for 39 gold pieces
 11934 | D:8      | Reached skill level 5 in Invocations
 11940 | D:8      | Noticed a polar bear
 11946 | D:8      | Noticed a rime drake
 12057 | D:8      | Reached skill level 5 in Evocations
 12092 | D:8      | Noticed a polar bear
 12166 | D:8      | Killed a polar bear
 12167 | D:8      | Reached skill level 5 in Spellcasting
 12433 | D:8      | Found a broken altar of Ashenzari.
 12457 | D:8      | Found Ziphecud's Antique Armour Shop.
 12466 | D:8      | Bought an embroidered robe for 118 gold pieces
 12517 | D:8      | Found a staircase to the Lair.
 12568 | D:8      | Killed a polar bear
 12569 | D:8      | Reached XP level 10. HP: 49/49 MP: 12/18
 12605 | D:8      | Found Xeurairgh's Book Emporium.
 12988 | D:8      | Found a staircase to the Lair.
 13030 | D:8      | Found a broken altar of Ashenzari.
 13400 | D:8      | Found Dublous's Magic Scroll Shop.
 13660 | D:8      | Found Ziphecud's Antique Armour Shop.
 14095 | D:8      | Found Dublous's Magic Scroll Shop.
 14200 | D:8      | Found a staircase to the Lair.
 14369 | D:8      | HP: 2/49 [rime drake/icy flash freeze (26)]
 14546 | D:8      | Found a broken altar of Ashenzari.
 14559 | D:8      | Found Ziphecud's Antique Armour Shop.
 15430 | D:9      | Reached **** piety under Sif Muna
 16023 | D:9      | Noticed a four-headed hydra
 16035 | D:9      | Identified the ring "Jomusou" {Wiz rC+}
 16041 | D:9      | Noticed a red ugly thing
 16350 | D:9      | Found a blossoming altar of Fedhas.
 16368 | D:9      | Reached skill level 10 in Spellcasting
 16710 | D:9      | Noticed a seven-headed hydra
 16745 | D:8      | Killed a seven-headed hydra
 16746 | D:8      | Reached XP level 11. HP: 46/54 MP: 13/26
 16794 | D:8      | Learned a level 7 spell: Ozocubu's Refrigeration
 16932 | D:9      | Reached skill level 5 in Fighting
 16947 | D:9      | Noticed a two-headed ogre
 16952 | D:9      | Reached skill level 1 in Ice Magic
 16973 | D:9      | Killed a two-headed ogre
 17367 | D:9      | Killed a four-headed hydra
 17541 | D:9      | Killed a red ugly thing
 17601 | D:9      | Reached skill level 5 in Ice Magic
 17911 | D:9      | Found a radiant altar of Vehumet.
 18070 | D:10     | Entered Level 10 of the Dungeon
 18136 | D:10     | Reached ***** piety under Sif Muna
 18450 | D:10     | Noticed a two-headed ogre
 18492 | D:10     | Killed a two-headed ogre
 18599 | D:10     | Found Miuhejug's Weapon Shop.
 18602 | D:10     | Found a staircase to the Orcish Mines.
 18738 | D:10     | Found a burning altar of Makhleb.
 18774 | D:10     | Found a shadowy altar of Dithmenos.
 19026 | D:12     | Noticed a deep elf pyromancer
 19091 | D:11     | Noticed a sixfirhy
 19124 | D:11     | Slain by a sixfirhy

Illustrated notes

Levels and vault maps discovered:
D:1:      giann_horns, layout_loops_corners, minmay_splitting_lines,
          minmay_hedge_maze, st_stairs_12
D:2:      minmay_door_path, layout_rooms, chequers_ecumenical_altar_simple,
          serial_shops, nicolae_shop_just_a_little_nook, basic_altar,
          minmay_small_reverse_x, uniq_jessica, uniq_crazy_yiuf_cottage
D:3:      layout_basic, portal_sewer_entry_b, nicolae_houndstooth_variations,
          uniq_ijyb, uniq_terence
D:4:      layout_loops_ring, xom_butterflies
D:5:      minmay_chambers_of_fours, layout_basic,
          grunt_temple_overflow_opulence, mainiacjoe_overflow_surrounded_room,
          kennysheep_generic_room_3, uniq_grinder
D:6:      layout_basic, gammafunk_temple_overflow_statue,
          minmay_temple_entry_nine_rooms, uniq_duvessa
D:7:      layout_basic, nicolae_wu_jian_wuxing_cycle, serial_shops,
          nicolae_shop_tiny_glass, shop_fountains, nicolae_shop_window_shopping,
          nicolae_shop_pleasant_corner_grove, shop
D:8:      layout_cave_pods, mainiacjoe_overflow_catwalk,
          hellmonk_lair_entry_icy, serial_shops, nicolae_shop_crystal, shop,
          shop_fountains
D:9:      minmay_the_grid_3x3 [minmay_the_grid_plusring,
          minmay_the_grid_small_cups, minmay_the_grid_eight,
          minmay_the_grid_doors, minmay_the_grid_spin_star,
          minmay_the_grid_dragon_a, minmay_the_grid_pillar_ring,
          minmay_the_grid_minigrid_large, minmay_the_grid_prize_trominoes],
          layout_long_grid, vehumet_crystals, fedhas_altar_3, special_room
          [special_room_orc]
D:10:     layout_gridville, grunt_dithmenos_smoke_and_mirrors,
          lightli_temple_of_fire, orc_david_3
D:11:     layout_basic, elyvilon_altar_4
D:12:     layout_rooms, nicolae_zig_zag_zippers

Skill      XL: |  1  2  3  4  5  6  7  8  9 10 11 |
---------------+----------------------------------+-----
Fighting       | 3 4 5 |  5.0
Short Blades   | 3 4 |  4.0
Spellcasting   | 2 3 4 5 10 | 10.0
Evocations     | 1 2 5 |  5.0
Hexes          | 2 4 7 9 10 | 10.0
Conjurations   | 1 2 3 5 7 |  7.0
Invocations    | 5 |  5.0
Ice Magic      | 7 |  7.1
Dodging        | |  2.6
Stealth        | |  7.2

Action                     |  1- 3 |  4- 6 |  7- 9 | 10-12 || total
---------------------------+-------+-------+-------+-------++-------
  Melee: Short sword       |     9 |    19 |     1 |   134 ||   163
         Dagger            |       |   544 |   204 |       ||   748
         Punch             |       |     4 |     6 |     1 ||    11
  Throw: Dart              |       |    46 |     8 |     1 ||    55
   Cast: Fulminant Prism   |       |       |   128 |   189 ||   317
  Evoke: Wand              |       |     2 |     1 |    11 ||    14
    Use: Scroll            |     2 |     5 |    11 |     7 ||    25
         Potion            |       |     8 |       |     4 ||    12
   Stab: Sleeping          |     4 |    33 |     6 |       ||    43
         Invisible         |       |       |       |     1 ||     1
 Armour: Robe              |     3 |   149 |    82 |   103 ||   337
  Dodge: Dodged            |     4 |   267 |   164 |   197 ||   632

Table legend: (Time is in decaauts)
 A = Elapsed time spent in this place.
 B = Non-inter-level travel time spent in this place.
 C = Inter-level travel time spent in this place.
 D = Time resting spent in this place.
 E = Time spent auto-exploring this place.
 F = Levels seen in this place.
 G = Mean time per level.
                   A        B        C        D        E       F      G
               +--------+--------+--------+--------+--------+-----+--------+
         Total |  14014 |  13434 |    580 |   3953 |   5186 |  13 | 1078.0 |
       Dungeon |  13929 |  13349 |    580 |   3953 |   5186 |  12 | 1160.8 |
         Sewer |     85 |     85 |      0 |      0 |      0 |   1 |   85.0 |
               +--------+--------+--------+--------+--------+-----+--------+

Top non-repeatable levels by time:
     D:8: 3009 daAuts
     D:9: 1913 daAuts
     D:5: 1728 daAuts
     D:6: 1420 daAuts
     D:2: 1195 daAuts
     D:3: 1096 daAuts
     D:4: 1021 daAuts
     D:1: 926 daAuts
     D:7: 830 daAuts
    D:10: 679 daAuts
   Sewer: 85 daAuts
    D:11: 83 daAuts
    D:12: 24 daAuts
